 Dungeon Crawl Stone Soup version 0.31.0-11-ge490571c62 (webtiles) character file.

Game seed: 168701874153643896

138 hawla the Chopper (level 5, -9/45 HPs)
             Began as a Minotaur Fighter on Feb 4, 2024.
             Mangled by a gnoll
             ... wielding a +0 halberd
              (13 damage)
             ... on level 3 of the Dungeon.
             The game lasted 00:02:33 (1615 turns).

hawla the Chopper (Minotaur Fighter)                Turns: 1615, Time: 00:02:34

Health: -9/45      AC:  6    Str: 23    XL:     5   Next: 1%
Magic:  4/4        EV:  9    Int:  5    God:
Gold:   68         SH:  4    Dex:  9    Spells: 4/4 levels left

rFire   . . .        a - +0 war axe
rCold   . . .        c - +0 buckler
rNeg    . . .        b - +0 scale mail
rPois   .            (helmet restricted)
rElec   .            (no cloak)
rCorr   .            (no gloves)
SInv    .            (no boots)
Will    .....        (no amulet) Stlth
                     (no ring)
HPRegen 0.27/turn    (no ring)
MPRegen 0.09/turn

%: no passive effects
@: no status effects
A: horns 2, retaliatory headbutt
a: no special abilities


You were on level 3 of the Dungeon.
You visited 1 branch of the dungeon, and saw 3 of its levels.

You collected 68 gold pieces.

Inventory:

Hand Weapons
 a - a +0 war axe (weapon)
Missiles
 f - 4 poisoned darts (quivered)
Armour
 b - a +0 scale mail (worn)
 c - a +0 buckler (worn)
Jewellery
 j - a ring of ice
Scrolls
 h - 2 scrolls of blinking
Potions
 d - 2 potions of might
 e - a potion of enlightenment {unknown}
 i - a potion of curing


   Skills:
 - Level 3.6 Fighting
 + Level 6.3 Axes
 - Level 3.6 Armour
 - Level 3.6 Shields


You had 4 spell levels left.
You didn't know any spells.
Your spell library was empty.

Dungeon Overview and Level Annotations

Branches:
Dungeon (3/15)

Altars:

Shops:
D:2 !


Innate Abilities, Weirdness & Mutations

You have a pair of horns on your head.
You reflexively headbutt those who attack you in melee.


Message History

You hit the gnoll but do no damage. You closely miss the kobold.
The gnoll barely misses you. The kobold hits you but does no damage.
The gnoll closely misses you.
You hit the gnoll.
The gnoll is moderately wounded.
You slash the kobold!
You kill the kobold!
The gnoll closely misses you. The gnoll barely misses you.
Unknown command.
You slash the gnoll!
The gnoll is severely wounded.
You block the gnoll's attack. The gnoll hits you with a +0 flail.
The gnoll hits you with a +0 flail!
The gnoll hits you from afar with a +0 halberd!
* * * LOW HITPOINT WARNING * * *
You are too injured to fight recklessly!
You are too injured to fight recklessly!
Unknown command.
You feel much better.
The gnoll hits you from afar with a +0 halberd!
The gnoll hits you with a +0 flail.
* * * LOW HITPOINT WARNING * * *
You slash the gnoll!
You kill the gnoll!
The gnoll barely misses you.
You have reached level 5!
The gnoll hits you with a +0 halberd!
* * * LOW HITPOINT WARNING * * *
Things that are here:
a +0 flail; a gnoll corpse You slash the gnoll!
The gnoll is severely wounded.
The gnoll barely misses you.
You hit the gnoll but do no damage. Your headbutt misses the gnoll.
The gnoll is severely wounded.
The gnoll closely misses you.
You barely miss the gnoll.
The gnoll is severely wounded.
The gnoll barely misses you. The gnoll hits you with a +0 halberd!
You die...

# #....<..###..# ##
#...####.#.#.# >####.## *#.##.#
......# ##.(..# ********* .######
#.....# *,,,,,,,* ......###
#.....# *,*****,*
........###.....# *,* *,*
##.............)####.## *,*
#.##.#.####...)@g....#***,*
#.##.#(# #.^..?........**,*
##.##.#.###..#####....#.**,*
.........##..* *.#.##,**,*
.............# *,.,#*,**,**
......#..##..# **#.**,*,,,*****
##...##..##..##*****.#*,,,,,,,,,*
#.............,,,,,,#***,,,***,*
#.#.##..######*****.#####.####.#


You could see a gnoll.

Vanquished Creatures
  A jelly (D:2)
  2 gnolls (D:3)
  3 adders (D:2)
  A ribbon worm (D:3)
  3 dart slugs
  3 orcs (D:3)
  3 ball pythons
  6 endoplasms
  A giant cockroach (D:1)
  5 goblins
  3 hobgoblins
  3 jackals (D:2)
  2 quokkas
  5 bats
  A frilled lizard (D:1)
  4 kobolds
  7 rats
53 creatures vanquished.

Notes
Turn   | Place    | Note
-------+----------+-------------------------------------------
     0 | D:1      | hawla the Minotaur Fighter began the quest for the Orb.
     0 | D:1      | Reached XP level 1. HP: 19/19 MP: 0/0
   158 | D:1      | Found a faded altar of an unknown god.
   174 | D:1      | Reached skill level 3 in Axes
   202 | D:1      | Reached XP level 2. HP: 26/26 MP: 1/1
   400 | D:1      | Reached skill level 4 in Axes
   562 | D:2      | Found Xaizanui's Distillery.
   582 | D:2      | Reached XP level 3. HP: 29/31 MP: 2/2
   792 | D:2      | Reached skill level 5 in Axes
   933 | D:2      | Reached XP level 4. HP: 39/39 MP: 3/3
  1502 | D:3      | Reached skill level 6 in Axes
  1612 | D:3      | Reached XP level 5. HP: 14/45 MP: 4/4
  1615 | D:3      | Mangled by a gnoll

Illustrated notes

Levels and vault maps discovered:
D:1:      minmay_arrival_four_circles, layout_basic,
          hellmonk_ecumenical_altar_crossroads, hangedman_glass_teeth,
          chequers_serial_rivers_room_a, chequers_hall_statues_wall_a,
          minmay_misc_feat_columns
D:2:      layout_basic, serial_shops, nicolae_shop_crystal
D:3:      layout_loops_ring

Skill      XL: |  1  2  3  4 |
---------------+-------------+-----
Axes           | 3 4 5 6 |  6.3
Fighting       | |  3.6
Armour         | |  3.6
Shields        | |  3.6

Action                     |  1- 3 |  4- 6 || total
---------------------------+-------+-------++-------
  Melee: War axe           |    62 |    39 ||   101
         Headbutt          |     6 |     9 ||    15
    Use: Scroll            |       |     9 ||     9
         Potion            |       |     1 ||     1
 Armour: Scale mail        |    40 |    27 ||    67
  Dodge: Dodged            |    32 |    24 ||    56
  Block: Buckler           |    16 |     5 ||    21
